 Dungeon Crawl Stone Soup version 0.28-a0-94-g325244837d (webtiles) character file.

Game seed: 1954307785130980129

3570 ZenoRockbell the Grappler (level 9, -1/127 HPs)
             Began as a Troll Berserker on Aug 7, 2021.
             Was an Elder of Trog.
             Slain by an orc warrior (9 damage)
             ... on level 9 of the Dungeon.
             The game lasted 00:38:59 (7194 turns).

ZenoRockbell the Grappler (Troll Berserker)         Turns: 7194, Time: 00:39:00

Health: -1/127     AC:  7    Str: 48    XL:     9   Next: 84%
Magic:  8/8        EV: 11    Int:  3    God:    Trog [****..]
Gold:   79         SH:  0    Dex: 10    Spells: 8/8 levels left

rFire   . . .      SeeInvis .     - Unarmed
rCold   . . .      Faith    .   (no shield)
rNeg    . . .      Spirit   .   a - +0 animal skin
rPois   .          Reflect  .   (helmet restricted)
rElec   .          Harm     .   G - +2 cloak
rCorr   .          Rampage  .   (gloves unavailable)
Will    ++...                   (boots unavailable)
Stlth   ..........              e - amulet of the Chupacabra {Regen+ Str+7}
HPRegen 3.31/turn               b - +6 ring of strength
MPRegen 0.11/turn               i - +6 ring of strength

@: berserking, strong-willed, regenerating, very quick
A: large, unfitting armour, claws 3, regeneration 1, shaggy fur 1, tough skin 1
a: Renounce Religion, Berserk, Trog's Hand, Brothers in Arms


You were on level 9 of the Dungeon.
You worshipped Trog.
Trog was greatly pleased with you.
You visited 2 branches of the dungeon, and saw 10 of its levels.
You also visited: Ossuary.

You collected 1537 gold pieces.
You spent 1458 gold pieces at shops.

Inventory:

Hand Weapons
 d - a +5 long sword
Armour
 a - a +0 animal skin (worn)
 q - the +3 leather armour "Ireeliho" {Harm rC+}
   (You found it on level 5 of the Dungeon)

   rC:        It protects you from cold.
   Harm:      It increases damage dealt and taken.
 s - a +2 buckler
 G - a +2 cloak (worn)
Jewellery
 b - a +6 ring of strength (left claw)
 c - a ring of resist corrosion
 e - the amulet of the Chupacabra (around neck) {Regen+ Str+7}
   (You bought it in a shop on level 1 of the Dungeon)

   [amulet of regeneration]

   Str:       It affects your strength (+7).
   Regen:     It increases your rate of health regeneration.
 f - a +4 ring of evasion
 i - a +6 ring of strength (right claw)
 k - a ring of ice
 u - an amulet of regeneration
 y - a +6 ring of dexterity
 B - an amulet of the acrobat
 F - a ring of protection from cold
Wands
 l - a wand of acid (5)
 n - a wand of paralysis (8)
 A - a wand of flame (18)
 E - a wand of digging (9)
Scrolls
 r - 5 scrolls of teleportation
 t - 2 scrolls of identify
 v - 2 scrolls of immolation
 z - a scroll of enchant weapon {unknown}
Potions
 g - 2 potions of haste
 h - a potion of brilliance
 j - a potion of flight
 m - 2 potions of lignification
 o - a potion of degeneration {unknown}
 p - 2 potions of attraction {unknown}
 w - a potion of berserk rage {unknown}
 x - 2 potions of heal wounds {unknown}
 C - a potion of magic {unknown}
 D - a potion of invisibility {unknown}


   Skills:
 * Level 4.6 Fighting
 * Level 3.7 Armour
 * Level 5.9 Dodging
 * Level 10.9 Unarmed Combat


You had 8 spell levels left.
You didn't know any spells.
Your spell library was empty.

Dungeon Overview and Level Annotations

Branches:
Dungeon (9/15)             Temple (1/1) D:7         Ossuary (visited)
   Lair: D:8-11         Orc: D:9-12

Altars:
Ashenzari
Dithmenos
Fedhas
Gozag
Hepliaklqana
Kikubaaqudgha
Makhleb
Okawaru
Ru
Sif Muna
Trog
Uskayaw
Vehumet
Wu Jian
Xom
Yredelemnul
The Shining One

Shops:
D:1 =(:   D:5 [   D:6 *(


Innate Abilities, Weirdness & Mutations

You are too large for most types of armour.
You have claws for hands.
Your natural rate of healing is unusually fast.
You are covered in fur. (AC +1)
You have tough skin. (AC +1)


Message History

The orc warrior barely misses you.
The orc wizard gestures wildly while chanting.
The orc wizard flickers and vanishes!
Deactivating autopickup; reactivate with Ctrl-A.
The orc shouts!
The orc warrior hits you with a +0 halberd!
You scratch the orc warrior but do no damage.
Your claw misses the orc warrior.
The orc warrior hits you with a +0 halberd!
You scratch the orc warrior.
The orc warrior is lightly wounded.
The orc warrior hits you with a +0 halberd!!
You claw the orc warrior!
The orc warrior is severely wounded.
The orc warrior barely misses you.
You scratch the orc warrior but do no damage.
The orc warrior is severely wounded.
The orc warrior barely misses you.
You closely miss the orc warrior.
The orc warrior is severely wounded.
You scratch the orc warrior.
The orc warrior is severely wounded.
The orc warrior hits you with a +0 halberd!
You barely miss the orc warrior.
The orc warrior is severely wounded.
The orc warrior hits you with a +0 halberd!!
* * * LOW HITPOINT WARNING * * *
Your skin crawls.
You feel strong-willed. Trog will no longer gift you weapons.
The orc warrior hits you with a +0 halberd!
* * * LOW HITPOINT WARNING * * *
A red film seems to cover your vision as you go berserk!
You feel yourself moving faster!
You feel mighty!
The orc warrior hits you with a +0 halberd!
* * * LOW HITPOINT WARNING * * *
You closely miss the orc warrior.
The orc warrior is severely wounded.
The orc warrior hits you with a +0 halberd!
You die...

##################
####
....o{o@......>..#
#...
#########..###...#
#... #..# #...#
#... #..# #...#
#... #..# #...#
#... #..#
#)..####...
#..###..).......
#...............
#.........###...


You could see an orc warrior and an orc.

Vanquished Creatures
  A steam dragon (D:8)
  Duvessa (D:4)
  A water moccasin (D:5)
  2 orc warriors (D:8)
  2 ice beasts (D:5)
  A black bear (D:6)
  A necrophage (D:4)
  3 centaurs
  An ogre (D:6)
  A phantom (D:5)
  A kobold brigand (D:8)
  2 bullfrogs
  An elf zombie (Ossuary)
  5 scorpions
  A water moccasin zombie (D:5)
  Dowan (D:4)
  A water moccasin skeleton (D:6)
  8 wights
  4 howler monkeys
  5 centaur zombies
  A bullfrog zombie (D:7)
  A hound (D:5)
  2 jellies
  2 human zombies (Ossuary)
  A centaur skeleton (D:5)
  6 orc priests
  Ijyb (D:4)
  2 iguanas
  5 orc wizards
  A killer bee zombie (D:3)
  2 mummies (Ossuary)
  A hound skeleton (D:4)
  A howler monkey zombie (D:7)
  4 gnolls (D:7)
  7 adders
  2 white imps
  2 adder zombies (Ossuary)
  A worm (D:2)
  A dart slug (D:1)
  23 orcs
  5 bats
  5 endoplasms
  5 giant cockroaches
  6 goblins
  7 hobgoblins
  17 jackals
  5 quokkas
  4 ball pythons
  7 frilled lizards
  A goblin zombie (Ossuary)
  12 hobgoblin zombies (Ossuary)
  A jackal zombie (Ossuary)
  6 kobolds
  11 kobold zombies (Ossuary)
  5 orc zombies (Ossuary)
  5 rats
  3 bushes (D:2)
  A toadstool (D:4)
215 creatures vanquished.

Vanquished Creatures (others)
  6 fungi (D:4)
  4 plants (D:2)
  4 toadstools (D:4)
14 creatures vanquished.

Grand Total: 229 creatures vanquished

Notes
Turn   | Place    | Note
-------+----------+-------------------------------------------
     0 | D:1      | ZenoRockbell the Troll Berserker began the quest for the
                  | Orb.
     0 | D:1      | Reached XP level 1. HP: 22/22 MP: 0/0
    94 | D:1      | Found Giriaph's Weapon Boutique.
   128 | D:1      | Reached XP level 2. HP: 28/29 MP: 1/1
   152 | D:1      | Found Gugog's Book Emporium.
   221 | D:1      | Found a faded altar of an unknown god.
   492 | D:1      | Reached XP level 3. HP: 36/36 MP: 2/2
   497 | D:1      | Reached ** piety under Trog
   657 | D:1      | Found Cyeckiul's Antique Weapon Shop.
   677 | D:1      | Found Vesy Iho's Jewellery Shop.
   792 | D:1      | Identified a scroll of acquirement
   792 | D:1      | Acquired 973 gold pieces
   892 | D:1      | Bought the amulet of the Chupacabra {Regen+ Str+7} for 568
                  | gold pieces
   892 | D:1      | Bought a +4 ring of evasion for 396 gold pieces
  1708 | D:2      | Reached XP level 4. HP: 42/44 MP: 3/3
  2103 | D:3      | Reached skill level 1 in Armour
  2103 | D:3      | Reached skill level 4 in Unarmed Combat
  2371 | D:4      | Noticed Ijyb
  2371 | D:4      | Noticed a scorpion
  2377 | D:4      | Killed a scorpion
  2378 | D:4      | Reached XP level 5. HP: 40/52 MP: 4/4
  2383 | D:4      | Killed Ijyb
  2511 | D:4      | Noticed Duvessa
  2513 | D:4      | Noticed Dowan
  2515 | D:4      | Noticed a necrophage
  2522 | D:4      | Killed Duvessa
  2523 | D:4      | Reached skill level 5 in Unarmed Combat
  2523 | D:4      | Reached XP level 6. HP: 24/61 MP: 5/5
  2548 | D:4      | Killed Dowan
  2549 | D:4      | Reached skill level 6 in Unarmed Combat
  2909 | D:4      | Reached XP level 7. HP: 67/67 MP: 6/6
  3076 | D:5      | Entered Level 5 of the Dungeon
  3206 | D:5      | Reached *** piety under Trog
  3254 | D:5      | Identified the +3 leather armour "Ireeliho" {Harm rC+}
  3273 | D:5      | Found a broken altar of Ashenzari.
  3373 | D:5      | Reached skill level 7 in Unarmed Combat
  3486 | D:5      | Found Milahieg's Armour Shop.
  3521 | D:5      | Bought a +2 buckler for 247 gold pieces
  3563 | D:5      | You fall into a shaft and drop 1 floor!
  3595 | D:5      | Found a sand-covered staircase.
  3600 | Ossuary  | Entered an ossuary
  3703 | Ossuary  | Reached **** piety under Trog
  3707 | Ossuary  | Reached XP level 8. HP: 64/76 MP: 7/7
  4077 | D:5      | Reached skill level 8 in Unarmed Combat
  4083 | D:5      | Identified the +0 pair of gloves of Tender Moments {rElec}
  4125 | D:5      | Identified the +5 whip "Qevieph" {freeze, +Rage Fly rCorr
                  | Dex-4}
  4241 | D:6      | Found an iron altar of Okawaru.
  4276 | D:6      | Found Paca's Assorted Antiques.
  4290 | D:6      | Reached skill level 9 in Unarmed Combat
  4523 | D:6      | Reached skill level 5 in Dodging
  4523 | D:6      | Reached XP level 9. HP: 50/84 MP: 8/8
  4574 | D:6      | Found Dygah's Firing Range.
  4908 | D:7      | Found a burning altar of Makhleb.
  5056 | D:7      | Reached ***** piety under Trog
  5089 | D:7      | Found a staircase to the Ecumenical Temple.
  5099 | Temple   | Entered the Ecumenical Temple
  5189 | D:7      | Reached skill level 10 in Unarmed Combat
  5296 | D:7      | Found a shimmering blue altar of Sif Muna.
  5839 | D:7      | Found a hide-covered altar of Uskayaw.
  6921 | D:5      | Bought a +2 cloak for 247 gold pieces
  7193 | D:9      | HP: 6/127 [orc warrior (9)]
  7194 | D:9      | Slain by an orc warrior

Illustrated notes

Levels and vault maps discovered:
D:1:      saegor_arrival_under_anarchy, layout_loops_corners,
          hellmonk_ecumenical_altar_dog_temple, serial_shops,
          nicolae_lakefront_shop, shop, nicolae_shop_trees,
          nicolae_shop_behind_doors, roderic_roman_lattice, minmay_pentomino_r4
D:2:      layout_loops_cross, serial_forest, infiniplex_forest_lined_ring,
          infiniplex_forest_straight_1, infiniplex_forest_corner_2,
          infiniplex_forest_lined_2, infiniplex_forest_straight_4,
          infiniplex_forest_end_2, infiniplex_forest_end_3,
          hangedman_decor_lopped, corner_web_ring, minmay_diced_spiral,
          uniq_sigmund, uniq_crazy_yiuf_cottage, uniq_robin
D:3:      layout_loops_ring
D:4:      layout_basic, minmay_gold_behind_fungi, grunt_ministairs_10,
          uniq_duvessa, uniq_ijyb
D:5:      layout_loops_ring, mainiacjoe_overflow_cross_hatched, enter_ossuary_2,
          serial_shops, nicolae_shop_waterfront, wad_floor_pattern_untrapped,
          minmay_misc_feat_ornament, minmay_joined_circles
D:6:      layout_rooms, nicolae_overflow_crystal_walls, serial_shops, shop,
          minivault_5, nicolae_shop_firing_range
D:7:      layout_gridville, mainiacjoe_overflow_alcove_2,
          lightli_temple_of_fire, nicolae_sif_muna_condensation,
          temple_doors_ab, kennysheep_generic_room_8
D:8:      layout_loops_ring, minmay_chambers_of_fives
D:9:      minmay_bubble_buster, layout_small_grid, nemelex_spade_bored_becter,
          erik_orc_2, uniq_harold
Temple:   nicolae_temple_x_marks_the_god

Skill      XL: |  1  2  3  4  5  6  7  8  9 |
---------------+----------------------------+-----
Dodging        | 3 4 5 |  5.9
Armour         | 1 2 3 |  3.7
Unarmed Combat | 4 5 6 7 9 10 | 10.9
Fighting       | 3 4 |  4.6

Action                   |  1- 3 |  4- 6 |  7- 9 || total
-------------------------+-------+-------+-------++-------
Melee: Unarmed           |   177 |    77 |   292 ||   546
       Punch             |     8 |     1 |    19 ||    28
Invok: Berserk           |       |       |     1 ||     1
       Trog's Hand       |       |       |     1 ||     1
  Use: Scroll            |     3 |     5 |     5 ||    13
       Potion            |       |     2 |       ||     2
 Stab: Sleeping          |     1 |       |       ||     1
Armor: Animal skin       |    68 |     9 |    81 ||   158
Dodge: Dodged            |   110 |    34 |   154 ||   298

Table legend: (Time is in decaauts)
 A = Elapsed time spent in this place.
 B = Non-inter-level travel time spent in this place.
 C = Inter-level travel time spent in this place.
 D = Time resting spent in this place.
 E = Time spent auto-exploring this place.
 F = Levels seen in this place.
 G = Mean time per level.
                   A        B        C        D        E       F      G
               +--------+--------+--------+--------+--------+-----+--------+
         Total |   7136 |   7136 |      0 |      0 |      0 |  11 |  648.7 |
       Dungeon |   6868 |   6868 |      0 |      0 |      0 |   9 |  763.1 |
        Temple |      9 |      9 |      0 |      0 |      0 |   1 |    9.0 |
       Ossuary |    258 |    258 |      0 |      0 |      0 |   1 |  258.0 |
               +--------+--------+--------+--------+--------+-----+--------+

Top non-repeatable levels by time:
     D:7: 1241 daAuts
     D:1: 1228 daAuts
     D:5: 1074 daAuts
     D:6: 739 daAuts
     D:4: 698 daAuts
     D:2: 664 daAuts
     D:8: 664 daAuts
     D:3: 460 daAuts
 Ossuary: 258 daAuts
     D:9: 97 daAuts
  Temple: 9 daAuts
